 Dungeon Crawl Stone Soup version 0.21-a0-401-g0b6bec4 (webtiles) character file.

109 tidbits the Charmwright (level 4, 37/38 HPs)
             Began as a Gnoll Skald on Oct 21, 2017.
             Quit the game on level 3 of the Dungeon.
             The game lasted 00:04:41 (638 turns).

tidbits the Charmwright (Gnoll Skald)                Turns: 638, Time: 00:04:42

Health: 37/38      AC:  5    Str: 13    XL:     4   Next: 89%
Magic:  11/11      EV: 13    Int: 17    God:
Gold:   46         SH:  0    Dex: 14    Spells: 2/13 levels left

rFire    . . .     SeeInvis .   a - +0 hand axe
rCold    . . .     Gourm    .   (no shield)
rNeg     . . .     Faith    .   B - +0 ring mail
rPois    .         Spirit   .   (no helmet)
rElec    .         Reflect  .   (no cloak)
rCorr    .         Harm     .   (no gloves)
MR       .....                  (no boots)
Stlth    +.........             (no amulet)
HPRegen  0.12/turn              (no ring)
MPRegen  0.12/turn              (no ring)

@: very slightly contaminated
A: distributed training, fangs 1, strong nose
a: no special abilities


You were on level 3 of the Dungeon.
You were not hungry.

You visited 1 branch of the dungeon, and saw 3 of its levels.

You collected 46 gold pieces.

Inventory:

Hand Weapons
 a - a +0 hand axe (weapon)
 i - a +0 hunting sling
Missiles
 g - 11 bolts
 j - 17 stones (quivered)
Armour
 b - a +0 leather armour
 B - a +0 ring mail (worn)
Scrolls
 k - a scroll of immolation {unknown}
 m - a scroll of blinking
Potions
 e - a potion of berserk rage {unknown}
 l - 2 potions of heal wounds {unknown}
Books
 c - a book of Battle

   Spells                             Type                      Level
   a - Infusion                       Charms                       1
   b - Shroud of Golubria             Charms/Translocation         2
   c - Song of Slaying                Charms                       2
   d - Spectral Weapon                Hexes/Charms                 3
   e - Regeneration                   Charms/Necromancy            3
Comestibles
 d - 2 bread rations
 f - 2 royal jellies


   Skills:
 + Level 4.7 Fighting
 + Level 1.2 Short Blades
 + Level 1.2 Long Blades
 + Level 4.7 Axes
 + Level 1.2 Maces & Flails
 + Level 1.2 Polearms
 + Level 1.2 Staves
 + Level 1.2 Slings
 + Level 1.2 Bows
 + Level 1.2 Crossbows
 + Level 1.2 Throwing
 + Level 2.8 Armour
 + Level 4.7 Dodging
 + Level 1.2 Stealth
 + Level 1.2 Shields
 + Level 1.2 Unarmed Combat
 + Level 5.1 Spellcasting
 + Level 1.0 Conjurations
 + Level 1.0 Hexes
 + Level 5.5 Charms
 + Level 1.0 Summonings
 + Level 1.0 Necromancy
 + Level 1.0 Translocations
 + Level 1.0 Transmutations
 + Level 1.0 Fire Magic
 + Level 1.0 Ice Magic
 + Level 1.0 Air Magic
 + Level 1.0 Earth Magic
 + Level 1.0 Poison Magic
 + Level 1.3 Invocations
 + Level 1.2 Evocations


You had 2 spell levels left.
You knew the following spells:

 Your Spells              Type           Power        Failure   Level  Hunger
g - Shroud of Golubria    Chrm/Tloc      ###.......   12%         2    #......
i - Infusion              Chrm           ###.         3%          1    None
r - Regeneration          Chrm/Necr      ###.......   22%         3    ###....
w - Spectral Weapon       Hex/Chrm       ###.....     22%         3    ###....
y - Song of Slaying       Chrm           ###.....     4%          2    #......


Dungeon Overview and Level Annotations

Branches:
Dungeon (3/15)

Altars:


Innate Abilities, Weirdness & Mutations

Your experience applies equally to all skills.
You have very sharp teeth.
Your uncanny sense of smell can sniff out nearby items.


Message History

You see here 5 gold pieces.
You now have 41 gold pieces (gained 5).
You hit the giant cockroach.
You kill the giant cockroach!
Your Conjurations skill increases to level 1!
Your Hexes skill increases to level 1!
Your Summonings skill increases to level 1!
Your Necromancy skill increases to level 1!
Your Translocations skill increases to level 1!
Your Transmutations skill increases to level 1!
Your Fire Magic skill increases to level 1!
Your Ice Magic skill increases to level 1!
Your Air Magic skill increases to level 1!
Your Earth Magic skill increases to level 1!
Your Poison Magic skill increases to level 1!
Your spectral weapon fades away.
You see here a giant cockroach corpse.
Found a scroll labeled MYOVVO GUSATA.
l - 2 sedimented green potions
There are no items here.
You now have 46 gold pieces (gained 5).
There are no items here.
m - a scroll labeled MYOVVO GUSATA
There are no items here.
You open the door.
All of the chunks of flesh in your inventory have rotted away.
There is an open door here.
You open the door.
There is an open door here.
An adder comes into view.
The adder hisses angrily.
Casting: Spectral Weapon
Confirm with . or Enter, or press ? or * to list all spells.
You draw out your weapon's spirit!
The adder bites your spectral weapon.
You swap places.
The adder bites you.
You miss the adder. Your bite misses the adder.
Your spectral weapon hits the adder!
You kill the adder!
You see here an adder corpse.
A giant cockroach comes into view.
You enter the shallow water.
Moving in this stuff is going to be slow.
You enter the shallow water.
Moving in this stuff is going to be slow.
Your spectral weapon fades away.
The giant cockroach closely misses you. The giant cockroach bites you.
You barely miss the giant cockroach. You hit the giant cockroach.
The giant cockroach is severely wounded.
The giant cockroach waves its antennae.
The giant cockroach misses you.
The giant cockroach bites you but does no damage.
You hit the giant cockroach.
You kill the giant cockroach!
A hobgoblin comes into view. It is wielding a club.
The hobgoblin shouts!
The hobgoblin barely misses you.
You hit the hobgoblin.
The hobgoblin is moderately wounded.
The hobgoblin hits you but does no damage.
You hit the hobgoblin.
You kill the hobgoblin!
Things that are here:
a club; a hobgoblin corpse A kobold comes into view.
It is wielding a short sword.
The kobold shouts!
You completely miss the kobold. The kobold closely misses you.
A rat comes into view.
You hit the kobold but do no damage. The kobold misses you.
You barely miss the kobold. The kobold hits you but does no damage.
You hit the kobold. You bite the kobold.
The kobold is severely wounded.
The kobold hits you but does no damage.
You slash the kobold!
You kill the kobold!
You hit the rat but do no damage. You bite the rat.
The rat is moderately wounded.
The rat closely misses you.
You hit the rat.
You kill the rat!
Things that are here:
a short sword; a rat corpse; a kobold corpse A leopard gecko comes into view.
Found a scroll labeled MYOVVO GUSATA.
The helpless leopard gecko fails to defend itself.
You hit the leopard gecko.
The leopard gecko is moderately wounded.
The leopard gecko completely misses you.
You slash the leopard gecko!
You kill the leopard gecko!
m - 2 scrolls labeled MYOVVO GUSATA (gained 1)
You aren't carrying any items that you can evoke.
Unknown command.
Blink to where?
Press: ? - help, Dir - move target cursor You are very lightly contaminated with residual magic.
As you read the scroll labeled MYOVVO GUSATA, it crumbles to dust.
It was a scroll of blinking.
Are you sure you want to abandon this character and quit the game? (Confirm with "yes".)

#'##.≈≈.#.####......#
#..'.≈≈.##.#####.#..#
#..#.≈≈.###.#.#.....#
∆ #..#.≈≈.#
#.#.#.....# #..#.≈≈.#
##.##...[.#
#..#.≈≈.#####.#.....#
#..#.≈≈.#8###.##....#
#..#.≈≈.#.##.##.#...#
#..##≈≈###.@###.....#
#### #.....# ####..#
#######.###
..........#
##################.#
#.............# #.#
#.###########.# #.#
#.# #.# #.# #.#


There were no monsters in sight!

Vanquished Creatures
  The ghost of 4thArraOfDagon the Sneak, a weakling SpFE (D:3)
  5 adders
  An ooze (D:2)
  A dart slug (D:2)
  A leopard gecko (D:3)
  An orc (D:3)
  5 ball pythons (D:2)
  2 giant cockroaches (D:3)
  2 goblins (D:3)
  3 hobgoblins
  2 kobolds
  3 bats
  A frilled lizard (D:2)
  3 rats
31 creatures vanquished.

Notes
Turn   | Place    | Note
-------+----------+-------------------------------------------
     0 | D:1      | tidbits the Gnoll Skald began the quest for the Orb.
     0 | D:1      | Reached XP level 1. HP: 20/20 MP: 6/6
    82 | D:2      | Reached XP level 2. HP: 25/26 MP: 3/7
    89 | D:2      | Learned a level 2 spell: Song of Slaying
    92 | D:2      | Learned a level 2 spell: Shroud of Golubria
   222 | D:2      | Reached skill level 5 in Spellcasting
   222 | D:2      | Reached XP level 3. HP: 22/31 MP: 4/9
   298 | D:2      | Reached skill level 1 in Invocations
   319 | D:2      | Learned a level 3 spell: Regeneration
   325 | D:2      | Learned a level 3 spell: Spectral Weapon
   367 | D:2      | Noticed an ogre
   443 | D:3      | Noticed 4thArraOfDagon's ghost (weakling SpFE)
   451 | D:3      | Killed 4thArraOfDagon's ghost
   451 | D:3      | Reached skill level 1 in Short Blades
   451 | D:3      | Reached skill level 1 in Long Blades
   451 | D:3      | Reached skill level 1 in Maces & Flails
   451 | D:3      | Reached skill level 1 in Polearms
   451 | D:3      | Reached skill level 1 in Staves
   451 | D:3      | Reached skill level 1 in Slings
   451 | D:3      | Reached skill level 1 in Bows
   451 | D:3      | Reached skill level 1 in Crossbows
   451 | D:3      | Reached skill level 1 in Throwing
   451 | D:3      | Reached skill level 1 in Stealth
   451 | D:3      | Reached skill level 1 in Shields
   451 | D:3      | Reached skill level 1 in Unarmed Combat
   451 | D:3      | Reached skill level 1 in Evocations
   451 | D:3      | Reached XP level 4. HP: 35/38 MP: 7/11
   542 | D:3      | Reached skill level 1 in Conjurations
   542 | D:3      | Reached skill level 1 in Hexes
   542 | D:3      | Reached skill level 1 in Summonings
   542 | D:3      | Reached skill level 1 in Necromancy
   542 | D:3      | Reached skill level 1 in Translocations
   542 | D:3      | Reached skill level 1 in Transmutations
   542 | D:3      | Reached skill level 1 in Fire Magic
   542 | D:3      | Reached skill level 1 in Ice Magic
   542 | D:3      | Reached skill level 1 in Air Magic
   542 | D:3      | Reached skill level 1 in Earth Magic
   542 | D:3      | Reached skill level 1 in Poison Magic
   638 | D:3      | Quit the game

Vault maps used:
D:1:      roderic_crop_circles_arrival_small
D:2:      minmay_shallow_snake_nest
D:3:      wad_river_or_something, first_bread, minmay_misc_feat_rows

Skill      XL: |  1  2  3  4 |
---------------+-------------+-----
Spellcasting   | 5 |  5.1
Invocations    | 1 |  1.3
Short Blades   | 1 |  1.2
Long Blades    | 1 |  1.2
Maces & Flails | 1 |  1.2
Polearms       | 1 |  1.2
Staves         | 1 |  1.2
Slings         | 1 |  1.2
Bows           | 1 |  1.2
Crossbows      | 1 |  1.2
Throwing       | 1 |  1.2
Stealth        | 1 |  1.2
Shields        | 1 |  1.2
Unarmed Combat | 1 |  1.2
Evocations     | 1 |  1.2
Conjurations   | 1 |  1.0
Hexes          | 1 |  1.0
Summonings     | 1 |  1.0
Necromancy     | 1 |  1.0
Translocations | 1 |  1.0
Transmutations | 1 |  1.0
Fire Magic     | 1 |  1.0
Ice Magic      | 1 |  1.0
Air Magic      | 1 |  1.0
Earth Magic    | 1 |  1.0
Poison Magic   | 1 |  1.0
Fighting       | |  4.7
Axes           | |  4.7
Armour         | |  2.8
Dodging        | |  4.7
Charms         | |  5.5

Action                   |  1- 3 |  4- 6 || total
-------------------------+-------+-------++-------
Melee: Hand axe          |    35 |    28 ||    63
       Bite              |     1 |     3 ||     4
 Cast: Infusion          |     5 |       ||     5
       Spectral Weapon   |     1 |     2 ||     3
  Use: Potion            |     1 |       ||     1
       Scroll            |       |     1 ||     1
 Stab: Sleeping          |       |     1 ||     1
Armor: Ring mail         |    16 |    10 ||    26
Dodge: Dodged            |    26 |    24 ||    50

Table legend:
 A = Spawn XP
 B = Non-spawn XP
 C = Spawn XP percentage of total XP
 D = Spawn monster count
 E = Non-spawn monster count
 F = Spawn count percentage of total count
 G = Total turns spent on level
                    A         B        C        D         E        F      G
               +---------+---------+-------+---------+---------+-------+---------
         Total |       0 |     156 |   0.0 |       0 |      31 |   0.0 |   638
               +---------+---------+-------+---------+---------+-------+---------
           D:1 |       0 |       2 |   0.0 |       0 |       1 |   0.0 |   160
           D:2 |       0 |      64 |   0.0 |       0 |      16 |   0.0 |   208
           D:3 |       0 |      90 |   0.0 |       0 |      14 |   0.0 |   270
               +---------+---------+-------+---------+---------+-------+---------

Table legend:
 A = Turns spent in this place as a percentage of turns spent in the entire game.
 B = Non-inter-level travel turns spent in this place as a percentage of non-inter-level travel turns spent in the entire game.
 C = Inter-level travel turns spent in this place as a percentage of turns spent in this place.
 D = Turns resting spent in this place as a percentage of non-inter-level travel turns spent in this place.
 E = Turns spent auto-exploring this place as a percentage of non-inter-level travel turns spent in this place.
 F = Non-inter-level travel turns spent in this place divided by the number of levels of this place that you've seen.
                   A       B       C       D       E      F
               +-------+-------+-------+-------+-------+----------------------
         Total | 100.0 | 100.0 |   0.0 |   0.0 |   0.0 | 212.7
       Dungeon | 100.0 | 100.0 |   0.0 |   0.0 |   0.0 | 212.7
               +-------+-------+-------+-------+-------+----------------------

Table legend:
 A = Kills in this place as a percentage of kills in entire the game.
 B = Kills by you in this place as a percentage of kills by you in the entire game.
 C = Kills by friends in this place as a percentage of kills by friends in the entire game.
 D = Other kills in this place as a percentage of other kills in the entire game.
 E = Experience gained in this place as a percentage of experience gained in the entire game.
 F = Experience gained in this place divided by the number of levels of this place that you have seen.
                   A       B       C       D       E      F
               +-------+-------+-------+-------+-------+----------------------
         Total | 100.0 | 100.0 |   N/A |   N/A | 100.0 |  52.0
       Dungeon | 100.0 | 100.0 |   N/A |   N/A | 100.0 |  52.0
               +-------+-------+-------+-------+-------+----------------------

Vault maps used:
D:1:      roderic_crop_circles_arrival_small
D:2:      minmay_shallow_snake_nest
D:3:      wad_river_or_something, first_bread, minmay_misc_feat_rows
